 Dungeon Crawl Stone Soup version 0.30.0-29-ga12c61a403 (webtiles) character file.

Game seed: 8561958968628643997

21018 Peloso the Carver (level 12, -12/107 HPs)
             Began as a Minotaur Fighter on June 15, 2023.
             Was an Elder of Okawaru.
             Mangled by a wolf spider (17 damage)
             ... in a Gauntlet.
             The game lasted 00:30:39 (9161 turns).

Peloso the Carver (Minotaur Fighter)                Turns: 9161, Time: 00:30:39

Health: -12/107    AC: 17    Str: 24    XL:     12   Next: 50%
Magic:  12/13      EV: 13    Int:  5    God:    Okawaru [****..]
Gold:   190        SH:  7    Dex: 12    Spells: 11/11 levels left

rFire   . . .        a - +0 long sword (vamp)
rCold   . . .        d - +0 buckler
rNeg    + . .        C - +18 Lear's hauberk
rPois   +            (helmet currently unavailable)
rElec   +            z - +0 cloak of Tacenaho {rElec Regen+}
rCorr   .            (gloves currently unavailable)
SInv    .            (boots currently unavailable)
Will    .....        (no amulet)
Stlth   +            l - ring of positive energy
HPRegen 1.17/turn    A - ring of poison resistance
MPRegen 0.13/turn

%: no teleportation
@: lethally poisoned (-12 -> -16), heroic, corroded, on berserk cooldown,
slowed, very slow
A: horns 2, retaliatory headbutt
a: Renounce Religion, Heroism, Finesse


You were in a Gauntlet.
You worshipped Okawaru.
Okawaru was greatly pleased with you.
You visited 2 branches of the dungeon, and saw 12 of its levels.
You also visited: Gauntlet.

You collected 781 gold pieces.
You spent 591 gold pieces at shops.

Inventory:

Hand Weapons
 a - a +0 vampiric long sword (weapon)
 b - a +3 falchion
Missiles
 K - a throwing net (quivered)
Armour
 c - a +0 pair of boots
 d - a +0 buckler (worn)
 p - a +1 pair of boots
 z - the +0 cloak of Tacenaho (worn) {rElec Regen+}
   (You bought it in a shop on level 6 of the Dungeon)

   rElec:     It insulates you from electricity.
   Regen:     It increases your rate of health regeneration.
 C - the +18 Lear's hauberk (worn)
   (You found it on level 5 of the Dungeon)
 N - the +0 pair of gloves of Ymimoite {Str+7 Stlth+}
   (You bought it in a shop on level 2 of the Dungeon)

   Str:       It affects your strength (+7).
   Stlth:     It makes you more stealthy.
Jewellery
 e - a ring of ice
 l - a ring of positive energy (left hand)
 m - a ring of positive energy
 y - a +4 ring of slaying
 A - a ring of poison resistance (right hand)
 B - an amulet of magic regeneration
 D - an amulet of faith
 F - a ring of see invisible
 J - an amulet of the acrobat
 M - an amulet of reflection
Wands
 j - a wand of flame (30)
 o - a wand of paralysis (9)
 H - a wand of mindburst (7)
Scrolls
 g - 5 scrolls of teleportation
 k - a scroll of fear
 n - 2 scrolls of enchant weapon
 q - 2 scrolls of fog
 s - 3 scrolls of brand weapon
 u - a scroll of enchant armour
 v - 2 scrolls of immolation
 x - a scroll of identify
 I - a scroll of silence
Potions
 f - a potion of berserk rage
 h - 5 potions of might
 i - 5 potions of curing
 r - a potion of haste
 t - a potion of ambrosia
 w - a potion of invisibility
 E - 2 potions of mutation
 G - 2 potions of magic
 L - a potion of cancellation {unknown}


   Skills:
 + Level 10.4(15.4) Fighting
 + Level 14.4(19.4) Long Blades
 + Level 11.2(16.2) Armour
 + Level 6.2(11.2) Dodging
 + Level 2.4(7.4) Stealth
 + Level 10.0(15.0) Shields
 + Level 3.2 Invocations
 + Level 2.3 Evocations


You had 11 spell levels left.
You didn't know any spells.
Your spell library contained the following spells:

 Spells                   Type           Power      Damage    Failure   Level
 Shock                    Conj/Air       0%         1d3       89%         1
 Sting                    Tmut/Pois      0%         1d3       89%         1
 Blink                    Tloc           0%         N/A       96%         2
 Ensorcelled Hibernation  Hex/Ice        0%         N/A       96%         2
 Lesser Beckoning         Tloc           0%         N/A       96%         2
 Passwall                 Tmut/Erth      0%         N/A       96%         2
 Gell's Gravitas          Tloc           0%         N/A       99%         3
 Ignite Poison            Fire/Tmut/Pois 0%         N/A       99%         3
 Swiftness                Air            0%         N/A       99%         3
 Teleport Other           Tloc           0%         N/A       99%         3
 Vhi's Electric Charge    Tloc/Air       0%         N/A       99%         3
 Airstrike                Air            0%         2d(0-16)  100%        4
 Manifold Assault         Tloc           0%         N/A       100%        4
 Sticky Flame             Conj/Fire      0%         2d3       100%        4
 Arcjolt                  Conj/Air       0%         1d10      100%        5
 Conjure Ball Lightning   Conj/Air       0%         3x3d6     100%        6
 Plasma Beam              Fire/Air       0%         2x1d11    100%        6
 Storm Form               Tmut/Air       0%         N/A       100%        7
 Ignition                 Fire           0%         3d3       100%        8
 Maxwell's Capacitive Co  Air            0%         ∞         100%        8
 Animate Dead             Necr           Unusable   N/A       N/A         4
 Haunt                    Necr/Summ      Unusable   N/A       N/A         7
 Infestation              Necr           Unusable   N/A       N/A         8

Dungeon Overview and Level Annotations

Branches:
Dungeon (11/15)            Temple (1/1) D:5            Lair (0/5) D:10
    Orc (0/2) D:9         Gauntlet (1/1)

Altars:
Ashenzari
Cheibriados
Dithmenos
Elyvilon
Fedhas
Gozag
Hepliaklqana
Kikubaaqudgha
Makhleb
Nemelex Xobeh
Okawaru
Qazlal
Ru
Sif Muna
Trog
Uskayaw
Vehumet
Wu Jian
Xom
Yredelemnul
Zin
The Shining One

Shops:
D:2 ((=[   D:4 !   D:5 =   D:6 *

Annotations:
D:10 2 transporters Gauntlet 7 transporters


Innate Abilities, Weirdness & Mutations

You have a pair of horns on your head.
You reflexively headbutt those who attack you in melee.


Message History

You barely miss the redback. Your headbutt misses the redback.
The redback bites you.
You are poisoned.
The redback poisons you!
The wolf spider hits you but does no damage.
The wolf spider closely misses you. The redback closely misses you.
You furiously retaliate!
You headbutt the redback. You hit the redback but do no damage.
The redback is moderately wounded.
You feel extremely sick. The wolf spider closely misses you.
The wolf spider bites you but does no damage.
The redback completely misses you. You furiously retaliate!
You headbutt the redback, but do no damage.
The wolf spider closely misses you.
The wolf spider bites you but does no damage.
You barely miss the redback.
The redback is moderately wounded.
You feel very sick. The redback bites you.
* * * LOW HITPOINT WARNING * * *
The wolf spider hits you but does no damage.
The wolf spider bites you.
* * * LOW HITPOINT WARNING * * *
The redback bites you but does no damage.
You closely miss the redback.
The redback is moderately wounded.
You feel very sick. The wolf spider barely misses you.
The wolf spider bites you.
* * * LOW HITPOINT WARNING * * *
You block the redback's attack. The wolf spider barely misses you.
You furiously retaliate!
You headbutt the wolf spider. You block the wolf spider's attack.
You hit the redback but do no damage.
The redback is moderately wounded.
* * * LOW HITPOINT WARNING * * *
You feel very sick.
The redback bites you but does no damage.
The wolf spider hits you!
You die...

## ### ### ### ### ###
##≈###≈###≈###≈###≈###≈#
#≈≈≈#≈≈≈#≈≈≈#≈≈≈#≈≈≈#≈≈≈
#≈.....................
##.#########...########
##≈.#..@s...#.8.#.......
#≈≈.#...s##.#...#.#.#.8. #.
##≈.#[.##.#.#####....... #.8
##.#©.#©†#.#©.©#©#.©.8.
#...##..#)#..##.#.8.#..P....
#.8.#...#?####..#...#.#.#.⌠.
#...#.∩.#.......#.8.#.......
#.©.#...#########...########
....#.8.....#.....8.#.......


You could see a wolf spider and a redback.

Vanquished Creatures
  An entropy weaver (Gauntlet)
  2 two-headed ogres (D:9)
  Pikel (D:9)
  An ugly thing (D:11)
  2 oklob plants
  A cyclops (D:11)
  Joseph (D:8)
  A smoke demon (Gauntlet)
  An unseen horror (D:11)
  A troll (D:10)
  A shadow (D:10)
  2 vampires (D:9)
  10 yaks (D:8)
  A redback (Gauntlet)
  2 acid dragons
  2 water moccasins
  9 orc warriors
  3 sky beasts
  3 black bears
  An ogre (D:4)
  3 centaurs
  3 kobold brigands
  4 lemures (D:9)
  3 bullfrogs
  A gnoll sergeant (D:8)
  5 scorpions
  5 wights (D:8)
  16 killer bees
  3 howler monkeys
  4 crimson imps (Gauntlet)
  9 orc priests
  4 hounds (D:5)
  2 jellies
  A sleepcap (D:5)
  2 iguanas
  14 orc wizards
  7 adders
  7 gnolls
  2 white imps
  5 worms
  6 dart slugs
  48 orcs
  6 ball pythons
  5 bats
  3 endoplasms
  2 giant cockroaches
  7 goblins
  5 hobgoblins
  3 jackals (D:2)
  21 kobolds
  2 quokkas
  2 frilled lizards (D:1)
  7 rats
263 creatures vanquished.

Notes
Turn   | Place    | Note
-------+----------+-------------------------------------------
     0 | D:1      | Peloso the Minotaur Fighter began the quest for the Orb.
     0 | D:1      | Reached XP level 1. HP: 19/19 MP: 0/0
    63 | D:1      | You fall into a shaft and drop 1 floor!
    79 | D:2      | Found Coan's Armour Emporium.
    95 | D:2      | Reached XP level 2. HP: 27/27 MP: 1/1
   398 | D:2      | Noticed a scorpion
   412 | D:2      | Killed a scorpion
   413 | D:2      | Reached skill level 3 in Long Blades
   413 | D:2      | Reached XP level 3. HP: 25/33 MP: 2/2
   413 | D:2      | Reached XP level 4. HP: 30/40 MP: 3/3
   522 | D:2      | Found Fiugh's Antique Weapon Shop.
   638 | D:2      | Found Lenaoc's Antique Weapon Shoppe.
   711 | D:2      | Identified the +1 dagger of Prudence {heavy, Drain rC- rN+
                  | Int+7}
   967 | D:2      | Reached skill level 5 in Armour
  1004 | D:2      | Found Nejeseuxt's Jewellery Shop.
  1964 | D:3      | Reached XP level 5. HP: 47/47 MP: 4/4
  2076 | D:3      | Found a faded altar of an unknown god.
  2391 | D:3      | Found a glowing silver altar of Zin.
  2575 | D:4      | Found a sparkling altar of Nemelex Xobeh.
  2955 | D:4      | Reached skill level 4 in Long Blades
  2955 | D:4      | Reached skill level 1 in Dodging
  3143 | D:4      | Found Qaroq's Distillery.
  3312 | D:4      | Noticed an ogre
  3321 | D:4      | Killed an ogre
  3322 | D:4      | Reached XP level 6. HP: 38/53 MP: 5/5
  3427 | D:5      | Entered Level 5 of the Dungeon
  3453 | D:5      | Found Asyow's Jewellery Emporium.
  3544 | D:5      | Reached skill level 5 in Long Blades
  3559 | D:5      | Found a shadowy altar of Dithmenos.
  3585 | D:5      | Reached XP level 7. HP: 51/60 MP: 6/6
  3587 | D:5      | Reached skill level 5 in Fighting
  3670 | D:5      | Found the +18 Lear's hauberk
  3911 | D:5      | Reached skill level 6 in Long Blades
  3929 | D:5      | Reached skill level 5 in Shields
  3999 | D:5      | Found a staircase to the Ecumenical Temple.
  4005 | Temple   | Entered the Ecumenical Temple
  4019 | Temple   | Became a worshipper of Warmaster Okawaru
  4336 | D:6      | Identified the +1 whip of Resourcefulness {heavy, Will+}
  4399 | D:6      | Reached skill level 7 in Long Blades
  4399 | D:6      | Reached XP level 8. HP: 70/70 MP: 7/7
  4481 | D:6      | Reached * piety under Okawaru
  4617 | D:6      | Reached skill level 8 in Long Blades
  4653 | D:6      | Found a radiant altar of Vehumet.
  4954 | D:6      | Found Vetedeej's Neck Hole.
  4957 | D:6      | Bought the +0 cloak of Tacenaho {rElec Regen+} for 185 gold
                  | pieces
  5488 | D:7      | Reached ** piety under Okawaru
  5489 | D:7      | Reached skill level 9 in Long Blades
  5610 | D:7      | Reached XP level 9. HP: 78/78 MP: 8/8
  5903 | D:7      | Found a sacrificial altar of Ru.
  6111 | D:8      | Reached skill level 10 in Long Blades
  6115 | D:8      | Reached *** piety under Okawaru
  6191 | D:8      | Reached skill level 11 in Long Blades
  6198 | D:8      | Reached **** piety under Okawaru
  6216 | D:8      | Reached XP level 10. HP: 68/88 MP: 9/9
  6323 | D:8      | Noticed Joseph
  6350 | D:8      | Killed Joseph
  6580 | D:8      | Found a glowing golden altar of the Shining One.
  6836 | D:9      | Noticed a two-headed ogre
  6856 | D:9      | Killed a two-headed ogre
  6857 | D:9      | Reached skill level 12 in Long Blades
  7225 | D:9      | Found a staircase to the Orcish Mines.
  7280 | D:9      | Found a burning altar of Makhleb.
  7300 | D:9      | Reached ***** piety under Okawaru
  7355 | D:9      | Found a broken altar of Ashenzari.
  7505 | D:9      | Noticed Pikel
  7505 | D:9      | Noticed a two-headed ogre
  7518 | D:9      | Killed Pikel
  7519 | D:9      | Reached skill level 10 in Armour
  7526 | D:9      | Killed a two-headed ogre
  7527 | D:9      | Reached skill level 13 in Long Blades
  7527 | D:9      | Reached XP level 11. HP: 62/97 MP: 8/10
  7584 | D:10     | Entered Level 10 of the Dungeon
  7699 | D:10     | Found a transporter.
  7706 | D:10     | Found a transporter.
  7724 | D:10     | Found a basalt altar of Yredelemnul.
  7728 | D:10     | Noticed a flayed ghost
  7734 | D:10     | Found an ancient bone altar of Kikubaaqudgha.
  7932 | D:10     | Found a staircase to the Lair.
  7936 | D:10     | Noticed an oklob plant
  7969 | D:10     | Killed an oklob plant
  8243 | D:7      | Received a gift from Okawaru
  8339 | D:2      | Bought the +0 pair of gloves of Ymimoite {Str+7 Stlth+} for
                  | 406 gold pieces
  8488 | D:11     | Noticed a brown ugly thing
  8503 | D:11     | Killed a brown ugly thing
  8504 | D:11     | Reached skill level 5 in Dodging
  8571 | D:11     | Got the Collected Works on the Overcast Tincture
  8662 | D:11     | Found a gate leading to a gauntlet.
  8671 | Gauntlet | Entered a Gauntlet
  8671 | Gauntlet | Noticed an oklob plant
  8671 | Gauntlet | Found a transporter.
  8671 | Gauntlet | Found a transporter.
  8679 | Gauntlet | Found a transporter.
  8689 | Gauntlet | Found a transporter.
  8702 | Gauntlet | Found a transporter.
  8706 | Gauntlet | Found a transporter.
  8708 | Gauntlet | Noticed a wolf spider
  8711 | Gauntlet | Noticed an entropy weaver
  8718 | Gauntlet | Found a transporter.
  8731 | Gauntlet | Noticed a catoblepas
  8734 | Gauntlet | Found a transporter.
  8748 | Gauntlet | Found a transporter.
  8752 | Gauntlet | Found a transporter.
  8766 | Gauntlet | Found a transporter.
  8769 | Gauntlet | Found a transporter.
  8880 | Gauntlet | Reached skill level 10 in Fighting
  8880 | Gauntlet | Reached skill level 14 in Long Blades
  8880 | Gauntlet | Reached XP level 12. HP: 106/106 MP: 10/13
  9141 | Gauntlet | Killed an entropy weaver
  9142 | Gauntlet | Reached skill level 10 in Shields
  9147 | Gauntlet | HP: 1/107 [redback (8)]
  9161 | Gauntlet | HP: 5/107 [poisoned by a redback]
  9161 | Gauntlet | Mangled by a wolf spider

Illustrated notes

Levels and vault maps discovered:
D:1:      nicolae_arrival_somewhat_less_tricky_arrival, layout_basic
D:2:      layout_basic, serial_shops, shop, shop, shop,
          nicolae_shop_gaudy_bauble
D:3:      layout_rooms, zin_treasury, ebering_ecumenical_altar_ruins,
          chequers_serial_rivers_marsh
D:4:      layout_loops_ring, nemelex_spade_bored_becter, serial_shops,
          kennysheep_mini, minivault_26
D:5:      nicolae_BIG_FREAKIN_CUBE, layout_rooms, grunt_dithmenos_smoke,
          temple_doors_e, serial_shops, nicolae_shop_window_shopping,
          chequers_serial_rivers_micro_c, serial_park_tiny_2
D:6:      layout_cave_pods, fiery_altar_vehumet,
          nicolae_shop_sticking_my_neck_out
D:7:      layout_loops_ring, nicolae_ru_the_path_less_chosen
D:8:      layout_rooms, mainiacjoe_overflow_cross_hatched, uniq_joseph
D:9:      layout_roguey, mainiacjoe_overflow_big_doors, david_orc_5,
          nzn_life_drinkers, uniq_pikel
D:10:     layout_gridville, gammafunk_temple_of_torment, dpeg_oklobed_lair,
          minmay_stone_trees_small
D:11:     nzn_winding_woodlands_medium [nzn_winding_woodlands_5x5_open_star,
          nzn_winding_woodlands_5x15_river_crossing,
          nzn_winding_woodlands_5x5_checkerboard,
          nzn_winding_woodlands_5x5_default,
          nzn_winding_woodlands_center_pierced_h,
          nzn_winding_woodlands_5x5_cross, nzn_winding_woodlands_5x5_default,
          nzn_winding_woodlands_5x15_zeroes,
          nzn_winding_woodlands_5x5_perimeter], layout_small_grid,
          gauntlet_entry_generic, doesnt_xom_only_xom
Temple:   hellmonk_temple_two_chambers
Gauntlet: minmay_gauntlet_77_indecision
          [minmay_gauntlet_arena_77_radiant_squares,
          minmay_gauntlet_arena_77_block_sizes, minmay_gauntlet_arena_77_museum,
          minmay_gauntlet_arena_77_checkered,
          minmay_gauntlet_arena_77_hold_the_fort,
          minmay_gauntlet_arena_77_chump_sandwich,
          dreamdust_gauntlet_exit_labyrinth]

Skill      XL: |  1  2  3  4  5  6  7  8  9 10 11 12 |
---------------+-------------------------------------+-----
Armour         | 4 5 6 7 8 10 11 | 11.2
Shields        | 4 5 6 7 8 9 10 | 10.0
Fighting       | 4 5 6 7 9 10 | 10.4
Long Blades    | 3 4 5 7 9 11 13 14 | 14.4
Dodging        | 1 2 3 4 6 |  6.2
Stealth        | 2 |  2.4
Invocations    | 3 |  3.2
Evocations     | 2 |  2.3

Action                     |  1- 3 |  4- 6 |  7- 9 | 10-12 || total
---------------------------+-------+-------+-------+-------++-------
  Melee: Long sword        |    34 |   184 |   394 |   617 ||  1229
         Headbutt          |     9 |    20 |    79 |   140 ||   248
 Invoke: Heroism           |       |       |       |    10 ||    10
  Evoke: Wand              |       |       |       |     1 ||     1
    Use: Scroll            |       |     8 |     8 |     8 ||    24
         Potion            |       |     1 |       |     7 ||     8
 Armour: Scale mail        |    11 |   115 |     3 |       ||   129
         Chain mail        |       |       |   341 |   390 ||   731
  Dodge: Dodged            |    17 |    96 |   185 |   239 ||   537
  Block: Buckler           |    11 |    35 |    90 |   199 ||   335
